 Dungeon Crawl Stone Soup version 0.27-a0-1347-gd8886f0a89 (webtiles) character file.

Game seed: 4007405313331386365

51 Brandom the Sneak (level 4, 0/36 HPs)
             Began as a Human Delver on June 27, 2021.
             Was a Follower of Dithmenos.
             Succumbed to a kobold's poison
             ... on level 1 of the Dungeon.
             The game lasted 00:05:37 (1629 turns).

Brandom the Sneak (Human Delver)                    Turns: 1629, Time: 00:05:37

Health: 0/36       AC:  6    Str: 13    XL:     4   Next: 7%
Magic:  4/4        EV: 11    Int: 11    God:    Dithmenos [*.....]
Gold:   112        SH:  0    Dex: 14    Spells: 3/3 levels left

rFire    . . .     SeeInvis .   i - +1 dire flail
rCold    . . .     Faith    .   (shield currently unavailable)
rNeg     . . .     Spirit   .   l - +0 ring mail
rPois    .         Reflect  .   (no helmet)
rElec    .         Harm     .   (no cloak)
rCorr    .         Rampage  .   (no gloves)
Will     .....                  j - +0 pair of boots
Stlth    +++.......             (no amulet)
HPRegen  0.12/turn              (no ring)
MPRegen  0.09/turn              (no ring)

@: lethally poisoned (0 -> -5), wreathed by umbra
A: no striking features
a: Renounce Religion


You were on level 1 of the Dungeon.
You worshipped Dithmenos.
Dithmenos was aware of your devotion.
You visited 1 branch of the dungeon, and saw 5 of its levels.

You collected 112 gold pieces.

Inventory:

Hand Weapons
 a - a +0 mace
 i - a +1 dire flail (weapon)
   (You found it on level 5 of the Dungeon)
Missiles
 p - a throwing net (quivered) {!f}
Armour
 b - a +0 leather armour
 j - a +0 pair of boots (worn)
   (You found it on level 5 of the Dungeon)
 k - a +0 scale mail
   (You found it on level 5 of the Dungeon)
 l - a +0 ring mail (worn)
   (You took it off an orc on level 5 of the Dungeon)
Wands
 u - a wand of paralysis (5)
   (You found it on level 5 of the Dungeon)
 v - a wand of digging (3)
Scrolls
 c - a scroll of fog
 d - a scroll of magic mapping
 e - a scroll of fear
 g - 4 scrolls of identify {unknown}
 m - a scroll of vulnerability {unknown}
 n - a scroll of immolation {unknown}
Potions
 f - a potion of haste {@q3}


   Skills:
 * Level 3.6 Fighting
 * Level 2.9 Maces & Flails
 + Level 1.0 Armour
 + Level 2.3 Dodging
 - Level 5.0 Stealth


You had 3 spell levels left.
You didn't know any spells.
Your spell library was empty.

Dungeon Overview and Level Annotations

Branches:
Dungeon (5/15)
 Temple: D:4-7

Altars:
Ashenzari
Dithmenos
Uskayaw


Message History

You feel very sick. The bat hits you but does no damage.
The kobold hits you but does no damage.
You hit the kobold but do no damage.
You feel very sick. The bat hits you but does no damage.
The kobold closely misses you. The bat closely misses you.
The kobold closely misses you.
You hit the bat.
You kill the bat!
Dithmenos accepts your kill.
You feel sick. The kobold barely misses you.
Your Armour skill increases to level 1!
You closely miss the kobold.
You feel sick. The kobold hits you but does no damage.
You are more poisoned.
Unknown command.
You closely miss the kobold.
You feel very sick. The kobold hits you but does no damage.
You are lethally poisoned!
You are too injured to fight recklessly!
Unknown command.
You are too injured to fight recklessly!
Unknown command.
Unknown command.
Unknown command.
You closely miss the kobold.
* * * LOW HITPOINT WARNING * * *
You feel very sick. The kobold misses you.
You thump the kobold!
You kill the kobold!
Dithmenos accepts your kill.
* * * LOW HITPOINT WARNING * * *
You feel very sick.
Unknown command.
* * * LOW HITPOINT WARNING * * *
You feel very sick.
Found a murky blue potion.
Things that are here:
a +1 whip of venom; 5 stones; a kobold corpse
* * * LOW HITPOINT WARNING * * *
You feel sick.
Unknown command.
It was a potion of magic.
Magic courses through your body.
* * * LOW HITPOINT WARNING * * *
You feel sick.
As you read the scroll labelled YKAMEI SYGAM, it crumbles to dust.
It is a scroll of enchant weapon.
Your +0 dire flail glows red for a moment.
You die...

#.###. ..... ... ....
.. #... ..# #... ..#
+... ... #...#
#...##.#.###.#...#
#...@..!.....#...#.#.
##### #...)#......
....#... #...#
####.#.#######...#...
. ..# #...#
#...........##...#...
# ..# #...#
#.##.#......##...#...
# ..# #...#
#.##.#......##.#.#...
###.###...#
#.##.#......'....#...
.##..##...#
#.##.#......##.#.....
.##..##...#
#....................


There were no monsters in sight!

Vanquished Creatures
  An adder (D:2)
  8 orcs
  2 ball pythons
  3 endoplasms (D:1)
  2 giant cockroaches
  A goblin (D:1)
  2 quokkas
  5 bats
  A frilled lizard (D:1)
  4 kobolds
29 creatures vanquished.

Notes
Turn   | Place    | Note
-------+----------+-------------------------------------------
     0 | D:5      | Brandom the Human Delver began the quest for the Orb.
     0 | D:5      | Reached XP level 1. HP: 18/18 MP: 1/1
    32 | D:5      | Found a hide-covered altar of Uskayaw.
    35 | D:5      | Noticed a +0 dagger
    35 | D:5      | Noticed a +0 dagger
   326 | D:4      | Reached XP level 2. HP: 14/24 MP: 2/2
   709 | D:3      | Found a broken altar of Ashenzari.
   765 | D:3      | Reached XP level 3. HP: 24/29 MP: 3/3
   832 | D:3      | Found a faded altar of an unknown god.
   840 | D:3      | Became a worshipper of Dithmenos the Shadowed
   840 | D:3      | Reached * piety under Dithmenos
  1442 | D:1      | Reached XP level 4. HP: 33/35 MP: 4/4
  1622 | D:1      | Reached skill level 1 in Armour
  1628 | D:1      | HP: 1/36 [poisoned by a kobold]
  1629 | D:1      | Succumbed to a kobold's poison

Illustrated notes

Levels and vault maps discovered:
D:1:      lemuel_arrival_behind_the_door_large, layout_basic, grunt_decor_cap
D:2:      layout_rooms
D:3:      layout_rooms, ashenzari_conservatory_becter,
          shapermc_ecumenical_altar_notcrosses, serial_shops, shop_fountains,
          minmay_misc_feat_tiny, hex_tiny
D:4:      layout_rooms, grunt_temple_overflow_order_and_chaos_1,
          nicolae_ru_sacrificial_ziggurat, lemuel_temple_firewalk_b,
          roderic_lattice_a, minmay_misc_feat_x
D:5:      layout_rooms, nicolae_overflow_hidden_temple, dancing_weapons_uskayaw,
          serial_shops, shop_coins

Skill      XL: |  1  2  3  4 |
---------------+-------------+-----
Armour         | 1 |  1.0
Fighting       | |  3.6
Maces & Flails | |  2.9
Dodging        | |  2.3
Stealth        | |  5.0

Action                   |  1- 3 |  4- 6 || total
-------------------------+-------+-------++-------
Melee: Dire flail        |   103 |    10 ||   113
  Use: Scroll            |       |     1 ||     1
       Potion            |       |     1 ||     1
 Stab: Sleeping          |     2 |       ||     2
Armor: Scale mail        |    15 |       ||    15
       Ring mail         |    33 |     6 ||    39
Dodge: Dodged            |    74 |    10 ||    84

Table legend: (Time is in decaauts)
 A = Elapsed time spent in this place.
 B = Non-inter-level travel time spent in this place.
 C = Inter-level travel time spent in this place.
 D = Time resting spent in this place.
 E = Time spent auto-exploring this place.
 F = Levels seen in this place.
 G = Mean time per level.
                   A        B        C        D        E       F      G
               +--------+--------+--------+--------+--------+-----+--------+
         Total |   1652 |   1652 |      0 |    469 |    770 |   5 |  330.4 |
       Dungeon |   1652 |   1652 |      0 |    469 |    770 |   5 |  330.4 |
               +--------+--------+--------+--------+--------+-----+--------+

Top non-repeatable levels by time:
     D:1: 593 daAuts
     D:4: 314 daAuts
     D:5: 304 daAuts
     D:3: 248 daAuts
     D:2: 191 daAuts
